 Dungeon Crawl Stone Soup version 0.28-a0-1080-g05a166d0ed (webtiles) character file.

Game seed: 14534429258557103685

147 meatgazer the Skirmisher (level 5, 0/43 HPs)
             Began as a Demonspawn Abyssal Knight on Dec 9, 2021.
             Was a Believer of Lugonu.
             Slain by a gnoll sergeant (6 damage)
             ... on level 3 of the Dungeon.
             The game lasted 00:04:25 (3397 turns).

meatgazer the Skirmisher (DsAK)                     Turns: 3397, Time: 00:04:26

Health: 0/43       AC: 12    Str: 15    XL:     5   Next: 8%
Magic:  8/8        EV: 11    Int: 11    God:    Lugonu [**....]
Gold:   110        SH:  0    Dex: 14    Spells: 4/4 levels left

rFire   . . .      SeeInvis .   a - +1 falchion
rCold   . . .      Faith    .   (no shield)
rNeg    . . .      Spirit   .   b - +0 leather armour
rPois   .          Reflect  .   (no helmet)
rElec   .          Harm     .   (no cloak)
rCorr   .          Rampage  .   (no gloves)
Will    .....                   (no boots)
Stlth   +.........              (no amulet)
HPRegen 0.14/turn               (no ring)
MPRegen 0.11/turn               (no ring)

@: sanguine armoured
A: sanguine armour 2, weakness stinger 1
a: Renounce Religion, Depart the Abyss, Bend Space


You were on level 3 of the Dungeon.
You worshipped Lugonu.
Lugonu was pleased with you.
You visited 1 branch of the dungeon, and saw 3 of its levels.
You visited the Abyss 1 time.

You collected 132 gold pieces.
You spent 22 gold pieces at shops.

Inventory:

Hand Weapons
 a - a +1 falchion (weapon)
Armour
 b - a +0 leather armour (worn)
Scrolls
 c - a scroll of amnesia
 d - 2 scrolls of identify
 e - a scroll of fog
 g - a scroll of fear
Potions
 f - 2 potions of brilliance


   Skills:
 + Level 4.3 Fighting
 + Level 2.9 Long Blades
 - Level 2.0 Armour
 - Level 1.0 Dodging
 + Level 4.0 Invocations


You had 4 spell levels left.
You didn't know any spells.
Your spell library contained the following spells:

 Spells                   Type           Power      Damage    Failure   Level
 Gell's Gravitas          Tloc           0%         N/A       78%         3
 Lesser Beckoning         Tloc           0%         N/A       78%         3
 Teleport Other           Tloc           0%         N/A       78%         3


Dungeon Overview and Level Annotations

Branches:
Dungeon (3/15)

Altars:
Nemelex Xobeh
Okawaru

Shops:
D:1 ?   D:3 !


Innate Abilities, Weirdness & Mutations

When seriously injured, your blood forms thick armour. (AC +9)
You have a small tail.


Message History

You closely miss the gnoll.
The gnoll is moderately wounded.
You slash the gnoll!
You kill the gnoll!
Lugonu accepts your kill.
Your Invocations skill increases to level 4!
You hit the gnoll sergeant.
The gnoll sergeant is lightly wounded.
The gnoll sergeant barely misses you.
The gnoll sergeant hits you with a +0 spear!
You hit the gnoll sergeant.
The gnoll sergeant is lightly wounded.
The gnoll sergeant closely misses you.
You slash the gnoll sergeant!
The gnoll sergeant is moderately wounded.
The gnoll sergeant hits you with a +0 spear!
Your blood congeals into armour.
You hit the gnoll sergeant but do no damage.
The gnoll sergeant is moderately wounded.
The gnoll sergeant hits you but does no damage.
You hit the gnoll sergeant but do no damage.
You tail-slap the gnoll sergeant.
The gnoll sergeant is heavily wounded.
The gnoll sergeant hits you with a +0 spear.
You hit the gnoll sergeant but do no damage.
The gnoll sergeant is heavily wounded.
The gnoll sergeant misses you.
You hit the gnoll sergeant.
The gnoll sergeant is severely wounded.
The gnoll sergeant hits you with a +0 spear.
* * * LOW HITPOINT WARNING * * *
The gnoll sergeant hits you with a +0 spear.
* * * LOW HITPOINT WARNING * * *
You hit the gnoll sergeant.
The gnoll sergeant is almost dead.
The gnoll sergeant hits you but does no damage.
The gnoll sergeant blocks your attack.
The gnoll sergeant is almost dead.
The gnoll sergeant hits you with a +0 spear.
You die...

..... #.# #.#........... #.....
#.## #.#.........>.
#.....#####..# #.###..###.###
#.#........#.# #.# #..# #.#
#........#.#.# #.# #..# #.#
#..##.##...#.#### #.# #..# #.#
#..#.[.#...>..^.###.###..###.#
#.................)..........#
#...._........g@..<......###....
#...............###.##..........
#..#...#..#...#.# #.##.......##
##.##.##..##.##.# #.##.#####.#
#........#####.###.##.# #
###.......g........##.# ##
#######.####......... .# #.#
########.# .##########.# #.#


You could see a gnoll sergeant.

Vanquished Creatures
  A small abomination (Abyss:1)
  3 adders
  4 gnolls
  A dart slug (D:2)
  2 worms (D:2)
  An orc (D:3)
  5 ball pythons
  5 bats (D:1)
  7 endoplasms
  3 giant cockroaches
  7 goblins
  5 hobgoblins
  2 kobolds (D:1)
  3 quokkas (D:1)
  2 frilled lizards (D:2)
  4 rats
55 creatures vanquished.

Notes
Turn   | Place    | Note
-------+----------+-------------------------------------------
     0 | Abyss:1  | meatgazer the Demonspawn Abyssal Knight began the quest for
                  | the Orb.
     0 | Abyss:1  | Reached XP level 1. HP: 18/18 MP: 2/2
    41 | Abyss:1  | Found an ancient bone altar of Kikubaaqudgha.
    63 | Abyss:1  | Gained mutation: When seriously injured, your blood forms
                  | armour. (AC +9) [demonic ancestry]
    63 | Abyss:1  | Reached XP level 2. HP: 24/24 MP: 3/3
   320 | Abyss:1  | Noticed a small abomination
   328 | D:1      | Escaped the Abyss
   467 | D:1      | Reached skill level 1 in Dodging
   467 | D:1      | Gained mutation: You have a small tail. [demonic ancestry]
   467 | D:1      | Reached XP level 3. HP: 13/30 MP: 3/5
   728 | D:1      | Reached * piety under Lugonu
  1106 | D:1      | You fall into a shaft and drop 1 floor!
  1163 | D:1      | Found Sist's Magic Scroll Emporium.
  1322 | D:1      | Bought a scroll of identify for 22 gold pieces
  1666 | D:2      | Reached XP level 4. HP: 27/37 MP: 6/6
  1797 | D:2      | Reached ** piety under Lugonu
  2160 | D:2      | Found a sparkling altar of Nemelex Xobeh.
  2514 | D:3      | Found a faded altar of an unknown god.
  2663 | D:3      | Found an iron altar of Okawaru.
  2838 | D:3      | Found Xerchyma's Distillery.
  2839 | D:3      | Noticed a gnoll sergeant
  3180 | D:2      | Gained mutation: When seriously injured, your blood forms
                  | thick armour. (AC +9) [demonic ancestry]
  3180 | D:2      | Reached XP level 5. HP: 29/43 MP: 7/7
  3397 | D:3      | Slain by a gnoll sergeant

Illustrated notes

Levels and vault maps discovered:
D:1:      lemuel_arrival_hallway, layout_rooms, serial_shops, shop,
          kennysheep_flooded_box, minmay_crystal_room, dk_noncrumbling_3,
          nicolae_grassy_gnolls
D:2:      wander_river, layout_basic, basic_altar
D:3:      layout_loops_ring, okawaru_gym_becter, nicolae_ecumenical_oubliette,
          serial_shops, nicolae_diamond_shop

Skill      XL: |  1  2  3  4  5 |
---------------+----------------+-----
Long Blades    | 2 |  2.9
Armour         | 2 |  2.0
Dodging        | 1 |  1.0
Invocations    | 3 4 |  4.0
Fighting       | 4 |  4.3

Action                   |  1- 3 |  4- 6 || total
-------------------------+-------+-------++-------
Melee: Falchion          |   107 |    63 ||   170
       Tailslap          |    10 |     8 ||    18
Invok: Depart the Abyss  |     1 |       ||     1
  Use: Scroll            |     5 |     4 ||     9
       Potion            |     2 |     1 ||     3
 Stab: Fleeing           |       |     1 ||     1
Armor: Skin              |     4 |       ||     4
       Leather armour    |    47 |    12 ||    59
Dodge: Dodged            |    70 |    28 ||    98

Table legend: (Time is in decaauts)
 A = Elapsed time spent in this place.
 B = Non-inter-level travel time spent in this place.
 C = Inter-level travel time spent in this place.
 D = Time resting spent in this place.
 E = Time spent auto-exploring this place.
 F = Levels seen in this place.
 G = Mean time per level.
                   A        B        C        D        E       F      G
               +--------+--------+--------+--------+--------+-----+--------+
         Total |   3435 |   3281 |    154 |    646 |   2091 |   4 |  858.8 |
       Dungeon |   3105 |   2951 |    154 |    476 |   1967 |   3 | 1035.0 |
         Abyss |    330 |    330 |      0 |    170 |    124 |   1 |  330.0 |
               +--------+--------+--------+--------+--------+-----+--------+

Top non-repeatable levels by time:
     D:2: 1463 daAuts
     D:1: 1308 daAuts
     D:3: 333 daAuts
 Abyss:1: 330 daAuts
